 Dungeon Crawl Stone Soup version 0.19-a0-1704-gbd66c22 (webtiles) character file.

466 mrath the Cudgeler (level 6, -1/53 HPs)
             Began as a Minotaur Fighter on Sept 27, 2016.
             Slain by esc's ghost (3 damage)
             ... on level 4 of the Dungeon.
             The game lasted 00:21:01 (3369 turns).

mrath the Cudgeler (Minotaur Fighter)               Turns: 3369, Time: 00:21:02

Health: -1/53      AC: 13    Str: 23    XL:     6   Next: 81%
Magic:  0/5        EV:  6    Int:  5    God:
Gold:   137        SH: 11    Dex:  9    Spells: 0 memorised, 5 levels left

rFire  . . .     SeeInvis .     a - +0 flail
rCold  . . .     Gourm    .     t - +0 chain mail
rNeg   . . .     Faith    .     c - +1 shield
rPois  .         Spirit   +     p - +2 hat {MR+}
rElec  .         Dismiss  .     s - +0 cloak
rCorr  .         Reflect  .     (no gloves)
MR     +....     Harm     .     (no boots)
Stlth  ..........               q - amulet of guardian spirit
                                (no ring)
                                (no ring)

@: no status effects
A: retaliatory headbutt, horns 2
a: no special abilities


You were on level 4 of the Dungeon.
You were not hungry.

You visited 1 branch of the dungeon, and saw 4 of its levels.

You collected 137 gold pieces.

Inventory:

Hand Weapons
 a - a +0 flail (weapon)
 j - a +0 morningstar
Missiles
 k - 142 stones (quivered)
 u - 6 curare-tipped needles
 B - 19 poisoned needles
Armour
 b - a +0 scale mail
 c - a +1 shield (worn)
 d - the -4 cloak of Feizaef {+Blink Str+3 Int+2 Dex+3}
   (You found it on level 4 of the Dungeon)

   It affects your strength (+3).
   It affects your intelligence (+2).
   It affects your dexterity (+3).
   It lets you blink.
 n - a +0 large shield
 p - a +2 hat of magic resistance (worn)
 s - a +0 cloak (worn)
 t - a +0 chain mail (worn)
Jewellery
 q - an amulet of guardian spirit (around neck)
Wands
 g - a wand of polymorph (14/24)
 y - a wand of random effects (11/48)
Scrolls
 e - 3 scrolls of identify
 i - a scroll of enchant armour
 x - a scroll of remove curse
 z - a scroll of blinking {unknown}
 D - a scroll of fear {unknown}
Potions
 h - 4 potions of magic
 m - a potion of brilliance {unknown}
 o - 3 potions of curing
 r - a potion of lignification {unknown}
 E - a potion of mutation {unknown}
Comestibles
 f - 3 bread rations
 l - a beef jerky
 v - 10 chunks of flesh
 w - 2 meat rations
 A - 3 fruits
 C - a slice of pizza


   Skills:
 + Level 4.7 Fighting
 + Level 5.7 Maces & Flails
 + Level 2.3 Throwing
 + Level 4.5 Armour
 + Level 1.8 Dodging
 + Level 4.6 Shields
 + Level 1.2 Evocations


You had 5 spell levels left.
You didn't know any spells.

Dungeon Overview and Level Annotations

Branches:
Dungeon (4/15)
 Temple: D:4-7

Altars:
Fedhas
Uskayaw

Annotations:
D:4 Dowan; Duvessa; esc's ghost, novice DDBe


Innate Abilities, Weirdness & Mutations

You reflexively headbutt those who attack you in melee.
You have a pair of horns on your head.


Message History

Your chain mail prevents you from hitting esc's ghost.
You headbutt esc's ghost, but do no damage.
Esc's ghost is almost destroyed.
You block esc's ghost's attack.
You hit esc's ghost but do no damage. Your headbutt misses esc's ghost.
Esc's ghost is almost destroyed.
Esc's ghost hits you.
* * * LOW HITPOINT WARNING * * *
You block esc's ghost's attack.
You miss esc's ghost. Your headbutt misses esc's ghost.
Esc's ghost is almost destroyed.
Esc's ghost hits you but does no damage.
You closely miss esc's ghost. Your headbutt misses esc's ghost.
Esc's ghost is almost destroyed.
Esc's ghost hits you.
* * * LOW HITPOINT WARNING * * *
You barely miss esc's ghost.
Esc's ghost is almost destroyed.
Esc's ghost hits you.
You die...

#####################
....................########
###################.^.......
###### ###### ##...####
.....# ##....## #.### .....#
####..##..###.# .....#
#....####@##..#
#..#####<#### #W.#.##
.......?.# #....# #.....####
#....##.# #>###.#
...#####...# #.# #.# #..
###..# #.# #.. #. #.# #.#
###. . .# #.# ## #


You could see esc's ghost.

Vanquished Creatures
  An ogre (D:3)
  Blork the orc (D:4)
  A bullfrog zombie (D:3)
  2 orc priests (D:4)
  An orc wizard (D:4)
  7 adders
  4 gnolls
  A worm (D:2)
  5 dart slugs
  4 leopard geckos
  7 orcs
  2 ball pythons (D:1)
  3 giant cockroaches
  14 goblins
  6 hobgoblins
  A quokka (D:2)
  7 bats
  A frilled lizard (D:3)
  11 kobolds
  5 rats
84 creatures vanquished.

Vanquished Creatures (others)
  A rat (D:4)
1 creature vanquished.

Grand Total: 85 creatures vanquished

Notes
Turn   | Place    | Note
-------+----------+-------------------------------------------
     0 | D:1      | mrath the Minotaur Fighter began the quest for the Orb.
     0 | D:1      | Reached XP level 1. HP: 19/19 MP: 0/0
    89 | D:1      | Reached skill level 3 in Maces & Flails
   355 | D:1      | Reached XP level 2. HP: 18/26 MP: 1/1
   576 | D:1      | Reached skill level 4 in Maces & Flails
   618 | D:1      | Reached XP level 3. HP: 29/31 MP: 2/2
  1331 | D:2      | Found a faded altar of an unknown god.
  1344 | D:2      | Found a hide-covered altar of Uskayaw.
  1559 | D:2      | Reached skill level 5 in Maces & Flails
  1648 | D:2      | Found a blossoming altar of Fedhas.
  1752 | D:2      | Reached XP level 4. HP: 39/39 MP: 3/3
  2089 | D:3      | Reached skill level 1 in Throwing
  2089 | D:3      | Reached XP level 5. HP: 46/46 MP: 4/4
  2552 | D:3      | Noticed an ogre
  2561 | D:3      | Killed an ogre
  2561 | D:3      | Reached skill level 1 in Dodging
  2694 | D:3      | Reached XP level 6. HP: 53/53 MP: 5/5
  2899 | D:3      | Reached skill level 1 in Evocations
  2939 | D:4      | Noticed Blork the orc
  2948 | D:4      | Killed Blork the orc
  3022 | D:4      | Got an ichor-stained cloak
  3033 | D:4      | Identified the cursed -4 cloak of Feizaef {+Blink Str+3 Int+2 Dex+3} (You found it on level 4 of the Dungeon)
  3047 | D:4      | Noticed Dowan
  3048 | D:4      | Noticed Duvessa
  3237 | D:4      | Noticed esc's ghost (novice DDBe)
  3368 | D:4      | HP: 1/53 [esc's ghost (3)]
  3369 | D:4      | Slain by esc's ghost

Vault maps used:
D:1:      tarquinn_simple_flora_water_c
D:2:      lemuel_doored_altar, fedhas_altar_fruit_tree, ecumenical_altar_1
D:3:      kennysheep_six_static_rooms, serial_corexii_hall,
          corexii_hall_statues_i, corexii_hall_statues_deadend
D:4:      first_bread, nicolae_qazlal_eye_of_the_storm, uniq_blork_the_orc,
          uniq_duvessa

Skill      XL: |  1  2  3  4  5  6 |
---------------+-------------------+-----
Maces & Flails | 3 4 5 |  5.7
Armour         | 4 |  4.5
Throwing       | 1 2 |  2.3
Fighting       | 4 |  4.7
Shields        | 4 |  4.6
Dodging        | 1 |  1.8
Evocations     | 1 |  1.2

Action                   |  1- 3 |  4- 6 || total
-------------------------+-------+-------++-------
Melee: Flail             |   108 |   161 ||   269
       Headbutt          |    11 |    23 ||    34
Throw: Stone             |     3 |    21 ||    24
  Use: Scroll            |       |    10 ||    10
       Potion            |       |     1 ||     1
  Eat: Chunk             |     3 |     5 ||     8
Armor: Scale mail        |    37 |       ||    37
       Chain mail        |    11 |    64 ||    75
Dodge: Dodged            |    33 |    28 ||    61
Block: Shield            |    60 |    89 ||   149
